 Dungeon Crawl Stone Soup version 0.31-a0-182-gc5ef74bbde (webtiles) character file.

Game seed: 11728275669763989856

8636 qw the Skirmisher (level 11, 0/103 HPs)
             Began as a Naga Hunter on June 20, 2023.
             Was a Believer of Okawaru.
             Slain by a yak (7 damage)
             ... on level 1 of the Lair of Beasts.
             The game lasted 00:03:13 (7278 turns).

qw the Skirmisher (Naga Hunter)                     Turns: 7278, Time: 00:03:13

Health: 0/103      AC: 10    Str: 14    XL:     11   Next: 34%
Magic:  13/14      EV: 18    Int: 10    God:    Okawaru [**....]
Gold:   581        SH:  5    Dex: 24    Spells: 10/10 levels left

rFire   . . .        Y - +0 arbalest
rCold   x . .        (shield currently unavailable)
rNeg    . . .        k - +0 robe "Isuts" {rC- Regen+ Slay+5}
rPois   +            g - +0 helmet
rElec   .            (no cloak)
rCorr   .            (no gloves)
SInv    +            (no barding)
Will    +....        n - amulet of reflection
Stlth   ++++         f - +6 ring of dexterity
HPRegen 1.17/turn    h - +4 ring of protection
MPRegen 0.14/turn

%: reflection
@: about to teleport, short of breath, heroic, very slow
A: AC +3, large, see invisible, deformed body, poison resistance, slowness 2,
spit poison 1, naga tail 1
a: Spit Poison, Renounce Religion, Heroism


You were on level 1 of the Lair of Beasts.
You worshipped Okawaru.
Okawaru was pleased with you.
You visited 3 branches of the dungeon, and saw 11 of its levels.

You collected 603 gold pieces.
You spent 22 gold pieces at shops.


Innate Abilities, Weirdness & Mutations

Your serpentine skin is tough. (AC +3)
You have supernaturally acute eyesight. (SInv)
Armour fits poorly on your strangely shaped body.
Your system is resistant to poisons. (rPois)
You cover ground very slowly.
You can spit poison.
You have a snake-like lower body.


   Skills:
 - Level 8.0(13.0) Fighting
 + Level 12.9(17.9) Ranged Weapons
 - Level 1.7(6.7) Armour
 - Level 5.2(10.2) Dodging
 - Level 1.5(6.5) Stealth
 - Level 4.2 Invocations


You had 10 spell levels left.
You didn't know any spells.
Your spell library was empty.

Inventory:

Hand Weapons
 Y - a +0 arbalest (weapon)
Armour
 d - a +0 robe of fire resistance
 g - a +0 helmet (worn)
 k - the +0 robe "Isuts" (worn) {rC- Regen+ Slay+5}
   (You found it on level 6 of the Dungeon)

   Slay:      It affects your accuracy & damage with ranged weapons and melee
   (+5).
   rC:        It makes you vulnerable to cold.
   Regen:     It increases your rate of health regeneration.
Jewellery
 f - a +6 ring of dexterity (left hand)
 h - a +4 ring of protection (right hand)
 n - an amulet of reflection (around neck)
Wands
 o - a wand of digging (12)
Scrolls
 c - 2 scrolls of teleportation
 e - 3 scrolls of identify
Potions
 a - 3 potions of curing
 b - 3 potions of haste
 i - 2 potions of mutation
 j - a potion of enlightenment
 q - a potion of might

Dungeon Overview and Level Annotations

Branches:
Dungeon (9/15)             Temple (1/1) D:5            Lair (1/5) D:8
    Orc: D:9-12

Altars:
Ashenzari
Cheibriados
Dithmenos
Elyvilon
Fedhas
Gozag
Hepliaklqana
Kikubaaqudgha
Makhleb
Nemelex Xobeh
Okawaru
Qazlal
Ru
Sif Muna
Trog
Uskayaw
Vehumet
Wu Jian
Xom
Yredelemnul
Zin
The Shining One

Shops:
D:1 *   D:3 *


Message History

The yak closely misses you.
You shoot a bolt. The bolt barely misses the yak.
The bullfrog hits you. You block the bullfrog's attack.
The yak barely misses you. The yak misses you. The yak barely misses you.
The yak misses you. x2; The yak gores you.
The yak closely misses you.
You shoot a bolt. The bolt hits the yak.
The yak is severely wounded.
You have got your breath back.
The bullfrog closely misses you. The yak completely misses you.
The yak closely misses you. The yak gores you but does no damage.
The yak misses you. The yak completely misses you. You block the yak's attack.
The yak gores you.
7275 ||| INVOKING Spit Poison.
Aiming: Spit Poison (1% risk of failure)
Press: ? - help, Shift-Dir - straight line, f/p - yak The splash of poison hits the yak.
The yak is poisoned.
The yak is severely wounded.
The bullfrog closely misses you. x2; The yak gores you.
You block the yak's attack. The yak barely misses you. The yak misses you.
The yak barely misses you. The yak gores you but does no damage.
You block the yak's attack.
You shoot a bolt. The bolt hits the yak!!
You kill the yak!
Okawaru accepts your kill.
The bullfrog hits you but does no damage.
The yak gores you but does no damage. You block the yak's attack.
The yak gores you! The yak gores you but does no damage. The yak gores you!
The yak misses you.
7277 ||| READING 3 scrolls of teleportation.
As you read the scroll of teleportation, it crumbles to dust.
You feel strangely unstable. The bullfrog closely misses you.
You block the bullfrog's attack. The bullfrog completely misses you.
The bullfrog hits you but does no damage.
The yak completely misses you. The yak barely misses you.
The yak closely misses you. The yak gores you but does no damage.
You block the yak's attack. The yak barely misses you.
You shoot a bolt. The bolt closely misses the yak.
The bullfrog misses you. You block the bullfrog's attack. The yak gores you!
You die...

#............
#............
#............
#............
#............
#....Y....... ..
#...YFF...... .......
#...Y@Y...... ........
#...YYY...... ........
#.....................
##....................
#.....................
#.....................
#.........!...........
#...............##.#..
#...............#P.##.


You could see 7 yaks and 2 bullfrogs.

Vanquished Creatures
  3 cane toads (Lair:1)
  4 unseen horror zombies (D:8)
  3 komodo dragons (Lair:1)
  3 yaks (Lair:1)
  A wyvern (Lair:1)
  A wraith (D:7)
  Eustachio (D:6)
  Menkaure (D:6)
  2 wargs (D:8)
  Duvessa (D:5)
  7 water moccasins
  2 sky beasts (D:7)
  2 ogres
  3 orc warriors
  2 black bears
  8 wolves (Lair:1)
  3 phantoms
  4 centaurs
  A kobold brigand (D:9)
  9 bullfrogs
  A scorpion (D:4)
  A water moccasin zombie (D:4)
  Dowan (D:5)
  A howler monkey (D:5)
  A bullfrog zombie (D:4)
  4 centaur zombies (D:8)
  2 hounds
  2 jellies
  4 orc priests
  A gnoll bouda (D:9)
  4 iguanas
  Natasha (thrice) (D:2)
  4 orc wizards
  A scorpion zombie (D:4)
  8 gnolls
  8 adders
  A white imp (D:7)
  3 adder zombies (D:4)
  2 adder skeletons (D:4)
  4 worms
  3 dart slugs
  28 orcs
  5 endoplasms
  2 giant cockroaches (D:2)
  5 goblins
  7 hobgoblins
  9 jackals
  2 quokkas
  9 ball pythons
  5 bats
  4 frilled lizards
  7 kobolds
  2 rats
205 creatures vanquished.

Notes
Turn   | Place    | Note
-------+----------+-------------------------------------------
     0 | D:1      | qw the Naga Hunter began the quest for the Orb.
     0 | D:1      | Reached XP level 1. HP: 19/19 MP: 1/1
     0 | D:1      | 0 ||| qw: Version: 0.3-a-9-g12657ce
     0 | D:1      | 0 ||| qw: Game counter: 1196
     0 | D:1      | 0 ||| qw: Always use a shield: true
     0 | D:1      | 0 ||| qw: God list: Okawaru
     0 | D:1      | 0 ||| qw: Allow faded altars: false
     0 | D:1      | 0 ||| qw: Do Orc after D:15 true
     0 | D:1      | 0 ||| qw: Do second Lair branch before Depths: true
     0 | D:1      | 0 ||| qw: Lair rune preference: random
     0 | D:1      | 0 ||| qw: Plans: Normal
     0 | D:1      | 0 ||| PLANNING D:1-11
    80 | D:1      | 80 ||| INVOKING Spit Poison.
    85 | D:1      | 85 ||| INVOKING Spit Poison.
   106 | D:1      | 106 ||| INVOKING Spit Poison.
   174 | D:1      | 174 ||| INVOKING Spit Poison.
   175 | D:1      | Reached skill level 4 in Ranged Weapons
   175 | D:1      | Reached XP level 2. HP: 26/26 MP: 2/2
   180 | D:1      | 180 ||| INVOKING Spit Poison.
   569 | D:1      | 569 ||| INVOKING Spit Poison.
   572 | D:1      | 572 ||| INVOKING Spit Poison.
   577 | D:1      | 577 ||| INVOKING Spit Poison.
   595 | D:1      | Found Ogann's Assorted Antiques.
   603 | D:1      | 603 ||| BUYING bubbling inky potion (22 gold).
   603 | D:1      | Bought a bubbling inky potion for 22 gold pieces
   603 | D:1      | 603 ||| SHOPLISTING bubbling pink potion (22 gold, have 5).
   603 | D:1      | 603 ||| SHOPLISTING embroidered robe (92 gold, have 5).
   603 | D:1      | 603 ||| SHOPLISTING golden potion (22 gold, have 5).
   603 | D:1      | 603 ||| SHOPLISTING sapphire ring (125 gold, have 5).
   603 | D:1      | 603 ||| SHOPLISTING scroll labelled JOBRAOF CURRASI (25
                  | gold, have 5).
   603 | D:1      | 603 ||| SHOPLISTING smoky white potion (22 gold, have 5).
   632 | D:1      | 632 ||| INVOKING Spit Poison.
   639 | D:1      | Found a faded altar of an unknown god.
   640 | D:1      | 640 ||| INVOKING Spit Poison.
   643 | D:1      | Reached XP level 3. HP: 32/32 MP: 3/3
   643 | D:1      | 643 ||| INVOKING Spit Poison.
   758 | D:1      | 758 ||| INVOKING Spit Poison.
   764 | D:1      | 764 ||| INVOKING Spit Poison.
  1020 | D:1      | 1020 ||| UPGRADING to +6 ring of dexterity.
  1021 | D:1      | 1021 ||| UPGRADING to +4 ring of protection.
  1022 | D:1      | 1022 ||| READING scroll labelled ZOREOXK NEUF.
  1082 | D:1      | 1082 ||| READING 2 scrolls labelled JOBRAOF CURRASI.
  1083 | D:1      | 1083 ||| READING scroll labelled ETUEFY KUOL.
  1084 | D:1      | 1084 ||| READING scroll labelled VAPTAG HEUTT.
  1085 | D:1      | 1085 ||| DRINKING 3 smoky white potions.
  1118 | D:1      | 1118 ||| DROPPING scroll of butterflies.
  1119 | D:1      | 1119 ||| DROPPING 2 potions of lignification.
  1155 | D:2      | 1155 ||| INVOKING Spit Poison.
  1180 | D:2      | 1180 ||| INVOKING Spit Poison.
  1195 | D:2      | 1195 ||| INVOKING Spit Poison.
  1202 | D:2      | 1202 ||| INVOKING Spit Poison.
  1205 | D:2      | Noticed Natasha
  1208 | D:2      | 1208 ||| INVOKING Spit Poison.
  1212 | D:2      | Killed Natasha
  1213 | D:2      | Reached skill level 5 in Ranged Weapons
  1213 | D:2      | Reached XP level 4. HP: 36/39 MP: 4/4
  1223 | D:2      | 1223 ||| INVOKING Spit Poison.
  1228 | D:2      | 1228 ||| INVOKING Spit Poison.
  1233 | D:2      | 1233 ||| INVOKING Spit Poison.
  1247 | D:2      | 1247 ||| INVOKING Spit Poison.
  1285 | D:2      | 1285 ||| INVOKING Spit Poison.
  1303 | D:2      | Noticed Natasha
  1307 | D:2      | 1307 ||| INVOKING Spit Poison.
  1307 | D:2      | Killed Natasha
  1353 | D:2      | 1353 ||| INVOKING Spit Poison.
  1367 | D:2      | Noticed Natasha
  1370 | D:2      | 1370 ||| INVOKING Spit Poison.
  1372 | D:2      | Killed Natasha
  1373 | D:2      | Reached skill level 3 in Fighting
  1373 | D:2      | Reached XP level 5. HP: 49/49 MP: 5/5
  1397 | D:2      | You fall into a shaft and drop 1 floor!
  1399 | D:3      | 1399 ||| INVOKING Spit Poison.
  1426 | D:3      | 1426 ||| INVOKING Spit Poison.
  1479 | D:3      | 1479 ||| INVOKING Spit Poison.
  1505 | D:3      | 1505 ||| INVOKING Spit Poison.
  1507 | D:3      | 1507 ||| INVOKING Spit Poison.
  1584 | D:3      | 1584 ||| INVOKING Spit Poison.
  1585 | D:3      | 1585 ||| DROPPING +0 robe of the Archmagi.
  1586 | D:3      | 1586 ||| DROPPING ring of flight.
  1587 | D:3      | 1587 ||| READING 3 scrolls labelled WOICVOOTATH.
  1588 | D:3      | 1588 ||| READING 2 scrolls of identify.
  1588 | D:3      | 1588 ||| IDENTIFYING purple potion
  1589 | D:3      | 1589 ||| DROPPING 2 scrolls of revelation.
  1593 | D:3      | 1593 ||| Stepping ~*~*~tactically~*~*~ (outnumbered).
  1595 | D:3      | 1595 ||| INVOKING Spit Poison.
  1601 | D:3      | 1601 ||| INVOKING Spit Poison.
  1604 | D:3      | 1604 ||| INVOKING Spit Poison.
  1608 | D:3      | 1608 ||| INVOKING Spit Poison.
  1693 | D:2      | 1693 ||| INVOKING Spit Poison.
  1705 | D:2      | 1705 ||| INVOKING Spit Poison.
  1833 | D:2      | 1833 ||| READING scroll labelled FAONGAK EFEST.
  1834 | D:2      | 1834 ||| READING 2 scrolls of identify.
  1834 | D:2      | 1834 ||| IDENTIFYING brown potion
  1899 | D:3      | 1899 ||| INVOKING Spit Poison.
  1946 | D:3      | 1946 ||| INVOKING Spit Poison.
  1966 | D:3      | 1966 ||| INVOKING Spit Poison.
  2057 | D:3      | Found Qiwkew's Assorted Antiques.
  2121 | D:3      | 2121 ||| INVOKING Spit Poison.
  2136 | D:3      | 2136 ||| SHOPLISTING blackened granite ring (150 gold, have
                  | 103).
  2136 | D:3      | 2136 ||| SHOPLISTING encrusted wooden ring (150 gold, have
                  | 103).
  2136 | D:3      | 2136 ||| SHOPLISTING glowing gold wand (120 gold, have
                  | 103).
  2168 | D:3      | 2168 ||| UPGRADING to +0 robe of fire resistance.
  2178 | D:3      | 2178 ||| READING 2 scrolls of identify.
  2178 | D:3      | 2178 ||| IDENTIFYING orange potion
  2206 | D:4      | 2206 ||| INVOKING Spit Poison.
  2211 | D:4      | 2211 ||| INVOKING Spit Poison.
  2214 | D:4      | 2214 ||| INVOKING Spit Poison.
  2218 | D:4      | 2218 ||| INVOKING Spit Poison.
  2221 | D:4      | 2221 ||| INVOKING Spit Poison.
  2222 | D:4      | Reached XP level 6. HP: 56/56 MP: 6/6
  2224 | D:4      | 2224 ||| INVOKING Spit Poison.
  2234 | D:4      | 2234 ||| INVOKING Spit Poison.
  2240 | D:4      | 2240 ||| INVOKING Spit Poison.
  2247 | D:4      | 2247 ||| INVOKING Spit Poison.
  2251 | D:4      | Reached skill level 6 in Ranged Weapons
  2275 | D:4      | 2275 ||| INVOKING Spit Poison.
  2283 | D:4      | 2283 ||| INVOKING Spit Poison.
  2292 | D:4      | 2292 ||| FLEEEEING.
  2293 | D:4      | 2293 ||| FLEEEEING.
  2305 | D:4      | 2305 ||| FLEEEEING.
  2308 | D:4      | 2308 ||| FLEEEEING.
  2309 | D:4      | 2309 ||| STAIRDANCE
  2326 | D:3      | 2326 ||| READING 2 scrolls of identify.
  2326 | D:3      | 2326 ||| IDENTIFYING bubbling inky potion
  2340 | D:4      | 2340 ||| INVOKING Spit Poison.
  2345 | D:4      | 2345 ||| INVOKING Spit Poison.
  2351 | D:4      | Reached XP level 7. HP: 37/64 MP: 7/7
  2351 | D:4      | 2351 ||| INVOKING Spit Poison.
  2360 | D:4      | 2360 ||| FLEEEEING.
  2361 | D:4      | 2361 ||| STAIRDANCE
  2537 | D:4      | Found a shadowy altar of Dithmenos.
  2552 | D:4      | 2552 ||| INVOKING Spit Poison.
  2584 | D:4      | 2584 ||| INVOKING Spit Poison.
  2588 | D:4      | 2588 ||| INVOKING Spit Poison.
  2643 | D:4      | 2643 ||| INVOKING Spit Poison.
  2735 | D:4      | 2735 ||| INVOKING Spit Poison.
  2740 | D:4      | 2740 ||| INVOKING Spit Poison.
  2873 | D:4      | 2873 ||| UPGRADING to amulet of reflection.
  2878 | D:4      | 2878 ||| READING scroll labelled ECKOCO CITO.
  2879 | D:4      | 2879 ||| READING scroll labelled IPNYJITAOL.
  2883 | D:4      | 2883 ||| DRINKING 2 inky potions.
  2884 | D:4      | 2884 ||| DRINKING 2 red potions.
  2885 | D:4      | 2885 ||| DRINKING 3 emerald potions.
  2886 | D:4      | 2886 ||| READING 2 scrolls of identify.
  2886 | D:4      | 2886 ||| IDENTIFYING glowing white potion
  2887 | D:4      | 2887 ||| DROPPING potion of attraction.
  2888 | D:4      | 2888 ||| DROPPING potion of brilliance.
  2889 | D:4      | 2889 ||| DROPPING 2 potions of degeneration.
  2917 | D:5      | Entered Level 5 of the Dungeon
  2924 | D:5      | Reached skill level 7 in Ranged Weapons
  2925 | D:5      | 2925 ||| INVOKING Spit Poison.
  2929 | D:5      | 2929 ||| INVOKING Spit Poison.
  2935 | D:5      | 2935 ||| STAIRDANCE
  2937 | D:4      | 2937 ||| INVOKING Spit Poison.
  2971 | D:5      | 2971 ||| INVOKING Spit Poison.
  3027 | D:5      | Found a staircase to the Ecumenical Temple.
  3028 | D:5      | 3028 ||| PLANNING TEMPLE
  3035 | Temple   | Entered the Ecumenical Temple
  3186 | Temple   | 3186 ||| PLANNING D:1-11
  3249 | D:5      | Reached skill level 8 in Ranged Weapons
  3249 | D:5      | Reached XP level 8. HP: 72/72 MP: 8/8
  3301 | D:5      | 3301 ||| INVOKING Spit Poison.
  3316 | D:5      | Reached skill level 3 in Dodging
  3362 | D:5      | 3362 ||| INVOKING Spit Poison.
  3381 | D:5      | Found a snail-covered altar of Cheibriados.
  3382 | D:5      | 3382 ||| DROPPING +4 ring of slaying {mikee}.
  3383 | D:5      | 3383 ||| READING scroll labelled KAIJINOMENIGY.
  3393 | D:5      | 3393 ||| INVOKING Spit Poison.
  3398 | D:5      | 3398 ||| INVOKING Spit Poison.
  3446 | D:5      | 3446 ||| INVOKING Spit Poison.
  3450 | D:5      | 3450 ||| INVOKING Spit Poison.
  3454 | D:5      | 3454 ||| INVOKING Spit Poison.
  3458 | D:5      | 3458 ||| INVOKING Spit Poison.
  3474 | D:5      | Noticed Duvessa
  3475 | D:5      | 3475 ||| INVOKING Spit Poison.
  3476 | D:5      | Noticed Dowan
  3482 | D:5      | 3482 ||| INVOKING Spit Poison.
  3488 | D:5      | 3488 ||| INVOKING Spit Poison.
  3491 | D:5      | Killed Duvessa
  3495 | D:5      | 3495 ||| INVOKING Spit Poison.
  3495 | D:5      | Killed Dowan
  3498 | D:5      | HP: 12/74 [orc wizard/magic dart (7)]
  3499 | D:5      | 3499 ||| DRINKING 2 potions of heal wounds.
  3502 | D:5      | 3502 ||| INVOKING Spit Poison.
  3505 | D:5      | 3505 ||| INVOKING Spit Poison.
  3505 | D:5      | HP: 17/74 [orc/+0 falchion (2)]
  3506 | D:5      | 3506 ||| DRINKING potion of heal wounds.
  3513 | D:5      | 3513 ||| INVOKING Spit Poison.
  3514 | D:5      | HP: 18/74 [orc/+0 falchion (4)]
  3517 | D:5      | HP: 5/74 [orc/+0 falchion (4)]
  3519 | D:5      | 3519 ||| INVOKING Spit Poison.
  3524 | D:5      | 3524 ||| INVOKING Spit Poison.
  3810 | D:5      | 3810 ||| INVOKING Spit Poison.
  3814 | D:5      | 3814 ||| INVOKING Spit Poison.
  3815 | D:5      | Reached skill level 9 in Ranged Weapons
  3950 | D:5      | 3950 ||| DROPPING +0 leather armour.
  3951 | D:5      | 3951 ||| UPGRADING to +3 leather armour of poison
                  | resistance.
  3961 | D:5      | 3961 ||| READING 2 scrolls of identify.
  3961 | D:5      | 3961 ||| IDENTIFYING fuming yellow potion
  3962 | D:5      | 3962 ||| DROPPING potion of ambrosia.
  3996 | D:6      | 3996 ||| INVOKING Spit Poison.
  4013 | D:6      | 4013 ||| SWAPPING to +0 arbalest.
  4017 | D:6      | 4017 ||| INVOKING Spit Poison.
  4022 | D:6      | 4022 ||| DROPPING +0 shortbow.
  4038 | D:6      | Noticed Menkaure
  4042 | D:6      | Killed Menkaure
  4052 | D:6      | Identified the +0 robe "Isuts" {rC- Regen+ Slay+5}
  4065 | D:6      | Reached skill level 6 in Fighting
  4065 | D:6      | Reached XP level 9. HP: 82/82 MP: 9/9
  4095 | D:6      | 4095 ||| INVOKING Spit Poison.
  4146 | D:6      | 4146 ||| INVOKING Spit Poison.
  4146 | D:6      | Noticed Eustachio
  4149 | D:6      | 4149 ||| INVOKING Spit Poison.
  4153 | D:6      | Killed Eustachio
  4154 | D:6      | 4154 ||| INVOKING Spit Poison.
  4158 | D:6      | 4158 ||| INVOKING Spit Poison.
  4946 | D:6      | 4946 ||| UPGRADING to +0 robe "Isuts" {rC- Regen+ Slay+5}.
  4956 | D:6      | 4956 ||| DROPPING +3 leather armour of poison resistance.
  4957 | D:6      | 4957 ||| DROPPING amulet of guardian spirit.
  4958 | D:6      | 4958 ||| READING scroll labelled TAIRABB DU FOU.
  5001 | D:7      | 5001 ||| INVOKING Spit Poison.
  5080 | D:7      | 5080 ||| INVOKING Spit Poison.
  5083 | D:7      | 5083 ||| INVOKING Spit Poison.
  5089 | D:7      | Reached skill level 10 in Ranged Weapons
  5089 | D:7      | 5089 ||| INVOKING Spit Poison.
  5217 | D:7      | Found a burning altar of Makhleb.
  5218 | D:7      | 5218 ||| INVOKING Spit Poison.
  5261 | D:7      | 5261 ||| INVOKING Spit Poison.
  5297 | D:7      | 5297 ||| INVOKING Spit Poison.
  5316 | D:7      | Found a glowing silver altar of Zin.
  5397 | D:7      | Found a glowing golden altar of the Shining One.
  5534 | D:7      | 5534 ||| INVOKING Spit Poison.
  5590 | D:7      | 5590 ||| UPGRADING to +0 helmet.
  5595 | D:7      | 5595 ||| READING scroll labelled BYZONW KATOS.
  5596 | D:7      | 5596 ||| READING 3 scrolls of identify.
  5596 | D:7      | 5596 ||| IDENTIFYING lumpy cyan potion
  5597 | D:7      | 5597 ||| DROPPING potion of berserk rage.
  5621 | D:8      | 5621 ||| INVOKING Spit Poison.
  5625 | D:8      | 5625 ||| INVOKING Spit Poison.
  5629 | D:8      | 5629 ||| INVOKING Spit Poison.
  5635 | D:8      | 5635 ||| INVOKING Spit Poison.
  5648 | D:8      | 5648 ||| INVOKING Spit Poison.
  5652 | D:8      | Found a staircase to the Lair.
  5744 | D:8      | Reached XP level 10. HP: 71/94 MP: 10/10
  5769 | D:8      | Identified the +6 bardiche of Slow Death {antimagic, rN+
                  | rCorr Str-3 Int+3}
  5784 | D:8      | 5784 ||| INVOKING Spit Poison.
  5804 | D:8      | Reached skill level 11 in Ranged Weapons
  5873 | D:8      | Found a basalt altar of Yredelemnul.
  5880 | D:8      | Reached skill level 1 in Armour
  6005 | D:8      | 6005 ||| READING 2 scrolls of identify.
  6005 | D:8      | 6005 ||| IDENTIFYING viscous inky potion
  6175 | D:9      | 6175 ||| Stepping ~*~*~tactically~*~*~ (outnumbered).
  6178 | D:9      | 6178 ||| INVOKING Spit Poison.
  6184 | D:9      | 6184 ||| INVOKING Spit Poison.
  6263 | D:9      | 6263 ||| INVOKING Spit Poison.
  6269 | D:9      | Found an iron altar of Okawaru.
  6270 | D:9      | 6270 ||| PLANNING OKAWARU WORSHIP
  6273 | D:9      | Found a shimmering altar of Xom.
  6274 | D:9      | Found a white marble altar of Elyvilon.
  6282 | D:9      | 6282 ||| INVOKING Spit Poison.
  6292 | D:9      | Found a bloodstained altar of Trog.
  6295 | D:9      | Became a worshipper of Warmaster Okawaru
  6296 | D:9      | 6296 ||| PLANNING D:1-11
  6312 | D:9      | Identified the +5 flail "Reic" {speed, rPois}
  6363 | D:9      | 6363 ||| INVOKING Spit Poison.
  6367 | D:9      | 6367 ||| INVOKING Spit Poison.
  6371 | D:9      | 6371 ||| INVOKING Spit Poison.
  6476 | D:9      | Found a sparkling altar of Nemelex Xobeh.
  6614 | D:9      | 6614 ||| PLANNING LAIR
  6614 | D:9      | 6614 ||| READING scroll labelled GOISTR NOATOD.
  6668 | Lair:1   | Entered Level 1 of the Lair of Beasts
  6676 | Lair:1   | Noticed a cane toad
  6680 | Lair:1   | Killed a cane toad
  6681 | Lair:1   | 6681 ||| INVOKING Spit Poison.
  6702 | Lair:1   | 6702 ||| INVOKING Spit Poison.
  6706 | Lair:1   | 6706 ||| INVOKING Spit Poison.
  6708 | Lair:1   | Reached * piety under Okawaru
  6855 | Lair:1   | 6855 ||| INVOKING Spit Poison.
  6861 | Lair:1   | 6861 ||| INVOKING Heroism.
  6866 | Lair:1   | Reached skill level 1 in Invocations
  6866 | Lair:1   | 6866 ||| INVOKING Spit Poison.
  6896 | Lair:1   | 6896 ||| INVOKING Spit Poison.
  6898 | Lair:1   | Noticed a cane toad
  6899 | Lair:1   | 6899 ||| INVOKING Heroism.
  6902 | Lair:1   | 6902 ||| INVOKING Spit Poison.
  6908 | Lair:1   | 6908 ||| INVOKING Spit Poison.
  6910 | Lair:1   | Killed a cane toad
  6911 | Lair:1   | Reached skill level 3 in Invocations
  6911 | Lair:1   | Reached XP level 11. HP: 62/103 MP: 10/13
  6915 | Lair:1   | 6915 ||| INVOKING Spit Poison.
  6916 | Lair:1   | Reached skill level 12 in Ranged Weapons
  6954 | Lair:1   | 6954 ||| INVOKING Heroism.
  6960 | Lair:1   | 6960 ||| INVOKING Spit Poison.
  7035 | Lair:1   | 7035 ||| INVOKING Heroism.
  7077 | Lair:1   | 7077 ||| INVOKING Spit Poison.
  7107 | Lair:1   | 7107 ||| INVOKING Spit Poison.
  7124 | Lair:1   | 7124 ||| INVOKING Spit Poison.
  7125 | Lair:1   | Reached ** piety under Okawaru
  7130 | Lair:1   | 7130 ||| INVOKING Heroism.
  7131 | Lair:1   | 7131 ||| INVOKING Spit Poison.
  7259 | Lair:1   | 7259 ||| INVOKING Spit Poison.
  7264 | Lair:1   | 7264 ||| INVOKING Spit Poison.
  7270 | Lair:1   | 7270 ||| INVOKING Spit Poison.
  7271 | Lair:1   | 7271 ||| INVOKING Heroism.
  7275 | Lair:1   | 7275 ||| INVOKING Spit Poison.
  7276 | Lair:1   | HP: 17/103 [yak (12)]
  7276 | Lair:1   | HP: 5/103 [yak (12)]
  7277 | Lair:1   | 7277 ||| READING 3 scrolls of teleportation.
  7278 | Lair:1   | Slain by a yak

Levels and vault maps discovered:
D:1:      minmay_arrival_semitransparent, layout_basic, serial_shops,
          nicolae_diamond_shop, ebering_ecumenical_altar_mist, minivault_25
D:2:      layout_rooms, uniq_natasha
D:3:      layout_rooms, serial_shops, nicolae_shop_waterfront,
          chequers_serial_rivers_room_b
D:4:      layout_cave_pools, overflow_temple_1_default, serial_undead,
          serial_undead_d, serial_undead_e, serial_undead_c, serial_undead_f,
          minmay_bisected
D:5:      layout_rooms, cheibrodos_worm_habitat, minmay_temple_entry_junction_2,
          uniq_duvessa
D:6:      layout_layer_cave, uniq_menkaure, uniq_eustachio
D:7:      layout_rooms, zin_academy, tso_metal_star,
          makhleb_blood_cavern_becter, minivault_22, minmay_misc_feat_rugged
D:8:      layout_rooms, nicolae_yredelemnul_corpse_copse,
          erik_lair_orcish_takeover
D:9:      layout_loops_cross, nemelex_diamond_rough_becter,
          mainiacjoe_overflow_alcove_3
Temple:   chequers_temple_sunken
Lair:1:   layout_cave_shapes, grunt_megastairs_1

Skill      XL: |  1  2  3  4  5  6  7  8  9 10 11 |
---------------+----------------------------------+-----
Ranged Weapons | 4 5 6 8 9 10 11 12 | 12.9
Fighting       | 3 4 6 7 8 |  8.0
Dodging        | 2 3 4 5 |  5.2
Armour         | 1 |  1.7
Invocations    | 3 4 |  4.2
Stealth        | |  1.5

Action                     |  1- 3 |  4- 6 |  7- 9 | 10-12 || total
---------------------------+-------+-------+-------+-------++-------
   Fire: Shortbow          |    51 |   118 |   161 |       ||   330
         Arbalest          |       |       |    80 |   152 ||   232
 Invoke: Heroism           |       |       |       |     6 ||     6
Ability: Spit Poison       |    18 |    36 |    50 |    26 ||   130
    Use: Scroll            |     4 |     6 |     8 |     3 ||    21
         Potion            |     1 |       |     5 |       ||     6
 Armour: Leather armour    |     5 |     8 |     2 |       ||    15
         Robe              |       |    12 |    48 |    42 ||   102
  Dodge: Dodged            |     5 |    29 |   115 |   140 ||   289
  Block: Other             |       |       |    46 |    40 ||    86
         Reflection        |       |       |     2 |     2 ||     4

Table legend:
 A = Non-vault XP
 B = Vault XP
 C = Vault XP percentage of total XP
 D = Non-vault monster count
 E = Vault monster count
 F = Vault count percentage of total count
                 A         B        C        D         E       F
            +---------+---------+-------+---------+---------+-------
      Total |    8284 |    4054 |  32.9 |     169 |      36 |  17.6
            +---------+---------+-------+---------+---------+-------
        D:1 |      38 |       0 |   0.0 |      14 |       0 |   0.0
        D:2 |     126 |      35 |  21.7 |      24 |       1 |   4.0
        D:3 |      77 |       0 |   0.0 |      19 |       0 |   0.0
        D:4 |     403 |     207 |  33.9 |      22 |      11 |  33.3
        D:5 |     961 |     226 |  19.0 |      19 |       3 |  13.6
        D:6 |     575 |     371 |  39.2 |      13 |       2 |  13.3
        D:7 |     836 |      42 |   4.8 |      12 |       1 |   7.7
        D:8 |     316 |    2159 |  87.2 |       7 |      14 |  66.7
        D:9 |     555 |       0 |   0.0 |      14 |       0 |   0.0
     Lair:1 |    4397 |    1014 |  18.7 |      25 |       4 |  13.8
            +---------+---------+-------+---------+---------+-------
